WCHLSIM.com - West Coast Hockey League
html PUBLIC "-//W3C//DTD XHTML 1.0 Transitional//EN" "http://www.w3.org/TR/xhtml1/DTD/xhtml1-transitional.dtd"> WCHL - Game 191 - BOISE CARIBOUS vs NORTH DAKOTA HAWKS

BOISE CARIBOUS vs NORTH DAKOTA HAWKS

Created - 10 novembre 2021 at 22:11

Goals
1 2 3 T
BOISE CARIBOUS 0 1 0 1
NORTH DAKOTA HAWKS 0 1 2 3
Shots
1 2 3 T
BOISE CARIBOUS 5 7 7 19
NORTH DAKOTA HAWKS 9 11 7 27

1st period

No Goal

Penalties :
John Klingberg (BOI) for Roughing (Minor) at 1:57, Alex Killorn (NDH) for Boarding (Minor) at 8:40

2nd period

1. NORTH DAKOTA HAWKS , Dillon Dube 2 (Brandon Sutter 2, Luke Kunin 1) at 2:05
2. BOISE CARIBOUS , John Tavares 5 (Jani Hakanpaa 1) at 2:33

Penalties :
Alex Killorn (NDH) for Interference (Minor) at 19:32, Marco Scandella (BOI) for High sticking (Minor) at 19:32

3rd period

3. NORTH DAKOTA HAWKS , Jason Robertson 4 (Nick Suzuki 8) at 1:56
4. NORTH DAKOTA HAWKS , Alex Killorn 8 (Brandon Sutter 3, Dougie Hamilton 7) at 19:49 (Empty Net)

Penalties :
Rasmus Dahlin (BOI) for Interference (Minor) at 4:28

Goalie Stats

Jake Allen (BOI), 24 saves from 26 shots - (0,923), L, 3-4-0, 59:12 minutes
Cameron Talbot (NDH), 18 saves from 19 shots - (0,947), W, 8-1-0, 60:00 minutes

Players Stats for BOISE CARIBOUS

Player Name              G  A  P  +/- PIM S  H  SB GA TA FO     MP     PP MP  PK MP  
------------------------------------------------------------------------------------
Andre Burakovsky         0  0  0   0  0   4  0  0  0  0  0/2    16:52   0:50   0:03 
Denis Gurianov           0  0  0  -1  0   0  2  0  0  0  1/1    16:18   0:50   0:00 
Dmitry Kulikov           0  0  0  -1  0   0  1  2  0  0  0/0    19:45   1:07   1:46 
Dominik Kubalik          0  0  0  -2  0   5  2  0  0  0  0/0    18:35   0:50   0:00 
Ivan Barbashev           0  0  0   0  0   0  0  0  0  0  0/1     9:35   1:09   1:40 
Jani Hakanpaa            0  1  1   0  0   0  3  1  0  0  0/0    15:11   0:00   0:31 
Jesperi Kotkaniemi       0  0  0  -1  0   0  1  1  0  0  5/15   17:11   0:00   1:21 
John Klingberg           0  0  0  -2  2   0  0  2  0  0  0/0    20:39   0:50   0:26 
John Tavares             1  0  1   0  0   3  0  0  0  0  13/17  18:04   0:50   0:00 
Kaapo Kakko              0  0  0  -1  0   1  0  0  0  0  0/0    15:39   1:07   2:15 
Lawson Crouse            0  0  0  -1  0   2  3  0  0  0  0/1    15:06   1:09   1:40 
Marco Scandella          0  0  0   0  2   1  0  0  0  0  0/0    20:26   0:00   1:15 
Matt Benning             0  0  0   0  0   1  0  0  0  0  0/0    10:28   0:00   1:46 
Rasmus Andersson         0  0  0  -1  0   0  1  0  0  0  0/0    19:43   0:00   2:09 
Rasmus Dahlin            0  0  0   0  2   1  4  2  0  0  0/0    20:28   0:02   0:03 
Tim Stutzle              0  0  0   1  0   1  1  0  0  0  1/1    16:57   0:02   0:57 
Tyler Gaudet             0  0  0   0  0   0  2  0  0  0  4/5     8:42   0:00   0:00 
Vladislav Namestnikov    0  0  0  -1  0   0  0  0  0  0  7/11   14:21   1:09   0:00 

Players Stats for NORTH DAKOTA HAWKS

Player Name              G  A  P  +/- PIM S  H  SB GA TA FO     MP     PP MP  PK MP  
------------------------------------------------------------------------------------
Alex Killorn             1  0  1   0  4   2  0  1  0  0  0/0    18:11   2:02   0:00 
Alexander Volkov         0  0  0   0  0   0  0  0  0  0  0/0     7:10   0:00   0:27 
Brandon Sutter           0  2  2   2  0   0  0  0  0  0  3/7    14:08   0:00   0:34 
Colin Blackwell          0  0  0  -1  0   0  2  0  0  0  0/1    17:44   2:02   0:00 
Connor Clifton           0  0  0   2  0   0  0  1  0  0  0/0    16:16   0:00   0:34 
Dillon Dube              1  0  1   1  0   3  0  0  0  0  0/0    14:43   1:35   0:00 
Dougie Hamilton          0  1  1   0  0   1  0  0  0  0  0/0    22:54   2:23   0:52 
Erik Johnson             0  0  0   2  0   0  0  1  0  0  0/0    16:04   0:00   0:22 
Frank Vatrano            0  0  0   0  0   1  0  0  0  0  0/0    11:12   2:23   0:58 
Jack Hughes              0  0  0  -1  0   3  2  2  0  0  5/20   18:56   2:02   0:00 
Jason Robertson          1  0  1   1  0   7  0  0  0  0  0/1    19:44   1:56   0:55 
Jordan Kyrou             0  0  0   1  0   1  1  0  0  0  0/0    18:07   1:56   0:06 
Luke Kunin               0  1  1   1  0   0  1  0  0  0  0/1    13:08   0:00   0:00 
Marc Staal               0  0  0   0  0   0  1  0  0  0  0/0    19:03   0:00   0:55 
Nic Dowd                 0  0  0   1  0   1  1  0  0  0  3/7     8:07   0:00   0:58 
Nick Suzuki              0  1  1   1  0   8  1  0  0  0  12/17  19:22   1:56   0:00 
Quinton Hughes           0  0  0   0  0   0  0  1  0  0  0/0    20:28   1:35   0:11 
Ryan Lindgren            0  0  0   0  0   0  2  2  0  0  0/0    20:43   0:00   1:04 

3 Stars

1 - Brandon Sutter (NDH)
2 - Dillon Dube (NDH)
3 - Jason Robertson (NDH)

Power Play

BOISE CARIBOUS - 0 on 1 Attempt(s) - 0,00%
NORTH DAKOTA HAWKS - 0 on 2 Attempt(s) - 0,00%

Penalty Kill

BOISE CARIBOUS - 2 on 2 Attempt(s) - 100,00% - Score 0 goal in Penalty Kill
NORTH DAKOTA HAWKS - 1 on 1 Attempt(s) - 100,00% - Score 0 goal in Penalty Kill

Team Stat

BOISE CARIBOUS - Hits : 20 - Faceoff Wins : 31 - Blocked Shots : 8 - Penalty Minutes : 6
NORTH DAKOTA HAWKS - Hits : 11 - Faceoff Wins : 23 - Blocked Shots : 8 - Penalty Minutes : 4

Official

Referees : Dean Morton and Troy Paterson
Linesman : Steve Barton and Bevan Mills

Game Notes

Alex Killorn has scored in a empty net!

Finance

Level 1 -- Attendance: 5987 (99,78%) -- Ticket Income 586 726 $
Level 2 -- Attendance: 5000 (100,00%) -- Ticket Income 275 000 $
Level 3 -- Attendance: 2000 (100,00%) -- Ticket Income 80 000 $
Level 4 -- Attendance: 4000 (100,00%) -- Ticket Income 100 000 $
Luxury Box -- Attendance: 943 (94,30%) -- Ticket Income 188 600 $
Total Attendance: 17930 (99,61%)
Total Ticket Income: 1 230 326 $
Other Expense: 12 303 $
Total Income: 1 218 023 $

BOISE CARIBOUS

5 vs 5 Forward 
   Center                   Left Wing                Right Wing               Time % Phy DF OF 
 1 John Tavares             Tim Stutzle              Andre Burakovsky         33     0   2  3  
 2 Jesperi Kotkaniemi       Denis Gurianov           Dominik Kubalik          30     0   2  3  
 3 Vladislav Namestnikov    Lawson Crouse            Kaapo Kakko              25     0   3  2  
 4 Tyler Gaudet             Ivan Barbashev           Matt Benning             12     1   4  0  

5 vs 5 Defense 
   Defense                  Defense                                           Time % Phy DF OF 
 1 Rasmus Andersson         John Klingberg                                    34     1   2  2  
 2 Rasmus Dahlin            Marco Scandella                                   34     1   2  2  
 3 Dmitry Kulikov           Jani Hakanpaa                                     30     1   4  0  
 4 John Klingberg           Rasmus Andersson                                  2      0   5  0  

PowerPlay Forward 
   Center                   Left Wing                Right Wing               Time % Phy DF OF 
 1 John Tavares             Andre Burakovsky         Dominik Kubalik          55     0   1  4  
 2 Vladislav Namestnikov    Tim Stutzle              Lawson Crouse            45     0   2  3  

PowerPlay Defense
   Defense                  Defense                                           Time % Phy DF OF 
 1 John Klingberg           Denis Gurianov                                    55     0   1  4  
 2 Ivan Barbashev           Rasmus Dahlin                                     45     0   2  3  

Penalty Kill 4 Players Forward 
   Center                   Wing                     Time % Phy DF OF 
 1 Jesperi Kotkaniemi       Kaapo Kakko              55     0   5  0  
 2 Ivan Barbashev           Lawson Crouse            45     1   4  0  

Penalty Kill 4 Players Defense
   Defense                  Defense                  Time % Phy DF OF 
 1 Marco Scandella          Rasmus Andersson         55     1   4  0  
 2 Dmitry Kulikov           Matt Benning             45     1   4  0  

Penalty Kill - 3 Players Forward 
   Forward                                           Time % Phy DF OF 
 1 John Tavares                                      55     0   5  0  
 2 Tyler Gaudet                                      45     1   4  0  

Penalty Kill - 3 Players Defense
   Defense                  Defense                  Time % Phy DF OF 
 1 John Klingberg           Rasmus Andersson         55     0   5  0  
 2 Marco Scandella          Jani Hakanpaa            45     1   4  0  

4 vs 4 Forward 
   Center                   Wing                     Time % Phy DF OF 
 1 John Tavares             Dominik Kubalik          55     1   2  2  
 2 Jesperi Kotkaniemi       Andre Burakovsky         45     1   2  2  

4 vs 4 Defense
   Defense                  Defense                  Time % Phy DF OF 
 1 John Klingberg           Rasmus Dahlin            55     1   2  2  
 2 Dmitry Kulikov           Rasmus Andersson         45     1   2  2  

Last Minutes Offensive
   Center                   Left Wing                Right Wing               Defense                  Defense                  
   John Tavares             Andre Burakovsky         Dominik Kubalik          John Klingberg           Rasmus Dahlin            

Last Minutes Defensive
   Center                   Left Wing                Right Wing               Defense                  Defense                  
   John Tavares             Jesperi Kotkaniemi       Kaapo Kakko              Marco Scandella          Rasmus Andersson         

Goaltenders
Starting : Jake Allen               
Backup : Ilya Sorokin             

Extra Forwards
Normal : Vladislav Namestnikov, Lawson Crouse, Tim Stutzle - PP : Kaapo Kakko, Lawson Crouse - PK : Ivan Barbashev
Extra Defensemen
Normal : Dmitry Kulikov, Jani Hakanpaa, Rasmus Dahlin - PP : Dmitry Kulikov - PK : John Klingberg, Rasmus Dahlin
Penalty Shots
John Tavares, Ivan Barbashev, Andre Burakovsky, Denis Gurianov, Dominik Kubalik
Custom OT Lines Forwards
John Tavares, Ivan Barbashev, Andre Burakovsky, Lawson Crouse, Dominik Kubalik, Denis Gurianov, Jesperi Kotkaniemi, Tim Stutzle, Kaapo Kakko, Vladislav Namestnikov
Custom OT Lines Defensemen
John Klingberg, Marco Scandella, Rasmus Dahlin, Rasmus Andersson, Dmitry Kulikov

Scratches
Jeff Carter (Chest/Ribs Injury), Paul Stastny (Sore Left Knee Injury)

NORTH DAKOTA HAWKS

5 vs 5 Forward 
   Center                   Left Wing                Right Wing               Time % Phy DF OF 
 1 Nick Suzuki              Jason Robertson          Jordan Kyrou             32     0   1  4  
 2 Jack Hughes              Alex Killorn             Colin Blackwell          31     0   2  3  
 3 Brandon Sutter           Dillon Dube              Luke Kunin               25     0   3  2  
 4 Nic Dowd                 Frank Vatrano            Alexander Volkov         12     1   3  1  

5 vs 5 Defense 
   Defense                  Defense                                           Time % Phy DF OF 
 1 Ryan Lindgren            Dougie Hamilton                                   36     0   2  3  
 2 Marc Staal               Quinton Hughes                                    36     0   2  3  
 3 Erik Johnson             Connor Clifton                                    15     1   2  2  
 4 Erik Johnson             Connor Clifton                                    13     1   2  2  

PowerPlay Forward 
   Center                   Left Wing                Right Wing               Time % Phy DF OF 
 1 Nick Suzuki              Jason Robertson          Jordan Kyrou             50     0   0  5  
 2 Jack Hughes              Alex Killorn             Colin Blackwell          50     0   0  5  

PowerPlay Defense
   Defense                  Defense                                           Time % Phy DF OF 
 1 Dougie Hamilton          Frank Vatrano                                     50     0   1  4  
 2 Dillon Dube              Quinton Hughes                                    50     0   1  4  

Penalty Kill 4 Players Forward 
   Center                   Wing                     Time % Phy DF OF 
 1 Nic Dowd                 Frank Vatrano            50     1   3  1  
 2 Brandon Sutter           Alex Killorn             50     1   3  1  

Penalty Kill 4 Players Defense
   Defense                  Defense                  Time % Phy DF OF 
 1 Ryan Lindgren            Erik Johnson             50     1   3  1  
 2 Marc Staal               Connor Clifton           50     1   3  1  

Penalty Kill - 3 Players Forward 
   Forward                                           Time % Phy DF OF 
 1 Nic Dowd                                          50     1   3  1  
 2 Brandon Sutter                                    50     1   3  1  

Penalty Kill - 3 Players Defense
   Defense                  Defense                  Time % Phy DF OF 
 1 Ryan Lindgren            Erik Johnson             50     1   3  1  
 2 Marc Staal               Connor Clifton           50     1   3  1  

4 vs 4 Forward 
   Center                   Wing                     Time % Phy DF OF 
 1 Nick Suzuki              Jason Robertson          50     0   1  3  
 2 Jack Hughes              Alex Killorn             50     0   1  3  

4 vs 4 Defense
   Defense                  Defense                  Time % Phy DF OF 
 1 Ryan Lindgren            Dougie Hamilton          50     1   2  2  
 2 Quinton Hughes           Marc Staal               50     1   2  2  

Last Minutes Offensive
   Center                   Left Wing                Right Wing               Defense                  Defense                  
   Nick Suzuki              Alex Killorn             Jason Robertson          Quinton Hughes           Dougie Hamilton          

Last Minutes Defensive
   Center                   Left Wing                Right Wing               Defense                  Defense                  
   Nic Dowd                 Alex Killorn             Brandon Sutter           Ryan Lindgren            Dougie Hamilton          

Goaltenders
Starting : Cameron Talbot           
Backup : Carter Hart              

Extra Forwards
Normal : Frank Vatrano, Alexander Volkov, Dillon Dube - PP : Luke Kunin, Alexander Volkov - PK : Jason Robertson
Extra Defensemen
Normal : Marc Staal, Erik Johnson, Connor Clifton - PP : Ryan Lindgren - PK : Dougie Hamilton, Quinton Hughes
Penalty Shots
Nick Suzuki, Alex Killorn, Jason Robertson, Jordan Kyrou, Frank Vatrano
Custom OT Lines Forwards
Nick Suzuki, Alex Killorn, Jason Robertson, Jack Hughes, Jordan Kyrou, Luke Kunin, Dillon Dube, Colin Blackwell, Frank Vatrano, Alexander Volkov
Custom OT Lines Defensemen
Quinton Hughes, Dougie Hamilton, Ryan Lindgren, Marc Staal, Erik Johnson

Scratches
Josh Brown (Healthy), Josh Manson (Healthy), Nick Bjugstad (Healthy)

% Time on Ice - BOISE CARIBOUS

Lines # - Real PCT - Wanted PCT - Time Play
Normal Forward
1 - 29% - 33% - 14:57
2 - 30% - 30% - 15:28
3 - 24% - 25% - 12:17
4 - 17% - 12% - 8:42
Normal Defense
1 - 34% - 34% - 17:42
2 - 37% - 34% - 19:12
3 - 28% - 30% - 14:30
4 - 0% - 2% - 0:00
PP Forward
1 - 42% - 55% - 0:50
2 - 58% - 45% - 1:09
PP Defense
1 - 42% - 55% - 0:50
2 - 58% - 45% - 1:09
PK Forward
1 - 58% - 55% - 2:18
2 - 42% - 45% - 1:40
PK Defense
1 - 55% - 55% - 2:12
2 - 45% - 45% - 1:46
PK3 Forward
1 - 0% - 55%
2 - 0% - 45%
PK3 Defense
1 - 0% - 55%
2 - 0% - 45%
44 Forward
1 - 82% - 55% - 1:37
2 - 18% - 45% - 0:22
44 Defense
1 - 61% - 55% - 1:12
2 - 39% - 45% - 0:47
Last Minute Offensive  - 0:40
Last Minute Defensive  - 0:00
Total
Forward - 60:00
Defense - 60:00

% Time on Ice - NORTH DAKOTA HAWKS

Lines # - Real PCT - Wanted PCT - Time Play
Normal Forward
1 - 31% - 32% - 16:05
2 - 30% - 31% - 15:42
3 - 25% - 25% - 13:08
4 - 13% - 12% - 6:43
Normal Defense
1 - 35% - 36% - 18:03
2 - 35% - 36% - 17:53
3 - 14% - 15% - 7:27
4 - 16% - 13% - 8:15
PP Forward
1 - 49% - 50% - 1:56
2 - 51% - 50% - 2:02
PP Defense
1 - 60% - 50% - 2:23
2 - 40% - 50% - 1:35
PK Forward
1 - 49% - 50% - 0:58
2 - 51% - 50% - 1:01
PK Defense
1 - 54% - 50% - 1:04
2 - 46% - 50% - 0:55
PK3 Forward
1 - 0% - 50%
2 - 0% - 50%
PK3 Defense
1 - 0% - 50%
2 - 0% - 50%
44 Forward
1 - 39% - 50% - 0:47
2 - 61% - 50% - 1:12
44 Defense
1 - 59% - 50% - 1:10
2 - 41% - 50% - 0:49
Last Minute Offensive  - 0:00
Last Minute Defensive  - 0:26
Total
Forward - 60:00
Defense - 60:00

Play-by-Play

1st period


0:01 of 1st period - Nick Suzuki wins face-off versus Andre Burakovsky in neutral zone.
0:12 of 1st period - Shot by Nick Suzuki.
0:12 of 1st period - Stopped by Jake Allen without a rebound.
0:13 of 1st period - Jack Hughes wins face-off versus Jesperi Kotkaniemi in BOISE CARIBOUS zone.
0:15 of 1st period - Alex Killorn is hit by Rasmus Dahlin.
0:29 of 1st period - Shot by Dominik Kubalik.
0:29 of 1st period - Stopped by Cameron Talbot without a rebound.
0:30 of 1st period - Vladislav Namestnikov wins face-off versus Brandon Sutter in NORTH DAKOTA HAWKS zone.
0:57 of 1st period - Shot by Luke Kunin.
0:57 of 1st period - Shot Misses the Net.
1:33 of 1st period - Luke Kunin is hit by Rasmus Andersson and loses puck.
1:48 of 1st period - Shot by Tim Stutzle.
1:48 of 1st period - Stopped by Cameron Talbot with a rebound.
1:57 of 1st period - Minor Penalty to John Klingberg for Roughing.
1:58 of 1st period - Jack Hughes wins face-off versus Jesperi Kotkaniemi in BOISE CARIBOUS zone.
3:21 of 1st period - Icing by Quinton Hughes.
3:22 of 1st period - Nick Suzuki wins face-off versus Jesperi Kotkaniemi in NORTH DAKOTA HAWKS zone.
3:35 of 1st period - Shot by Nick Suzuki.
3:35 of 1st period - Stopped by Jake Allen with a rebound.
3:37 of 1st period - Shot by Jason Robertson.
3:37 of 1st period - Shot Misses the Net.
3:39 of 1st period - Shot by Jason Robertson.
3:39 of 1st period - Shot Misses the Net.
3:41 of 1st period - Shot by Jason Robertson.
3:41 of 1st period - Stopped by Jake Allen with a rebound.
3:43 of 1st period - Shot by Jason Robertson.
3:43 of 1st period - Shot Misses the Net.
3:57 of 1st period - Shot by Jason Robertson.
3:57 of 1st period - Stopped by Jake Allen without a rebound.
3:58 of 1st period - Tyler Gaudet wins face-off versus Nic Dowd in BOISE CARIBOUS zone.
4:04 of 1st period - Alexander Volkov is hit by Dmitry Kulikov and loses puck.
4:24 of 1st period - Frank Vatrano is hit by Jani Hakanpaa and loses puck.
4:52 of 1st period - John Tavares is hit by Marc Staal and loses puck.
5:20 of 1st period - Shot by John Tavares.
5:20 of 1st period - Stopped by Cameron Talbot without a rebound.
5:21 of 1st period - Denis Gurianov wins face-off versus Jack Hughes in NORTH DAKOTA HAWKS zone.
5:35 of 1st period - Icing by Dougie Hamilton.
5:36 of 1st period - Vladislav Namestnikov wins face-off versus Colin Blackwell in NORTH DAKOTA HAWKS zone.
5:39 of 1st period - Shot by Kaapo Kakko.
5:39 of 1st period - Shot Misses the Net.
6:36 of 1st period - Shot by Nick Suzuki.
6:36 of 1st period - Stopped by Jake Allen without a rebound.
6:37 of 1st period - John Tavares wins face-off versus Nick Suzuki in BOISE CARIBOUS zone.
6:37 of 1st period - John Tavares is hit by Jordan Kyrou.
6:43 of 1st period - Jason Robertson is hit by Tim Stutzle and loses puck.
8:40 of 1st period - Minor Penalty to Alex Killorn for Boarding.
8:41 of 1st period - Vladislav Namestnikov wins face-off versus Nic Dowd in NORTH DAKOTA HAWKS zone.
9:47 of 1st period - Shot by Brandon Sutter.
9:47 of 1st period - Deflect By Jason Robertson.
9:47 of 1st period - Stopped by Jake Allen without a rebound.
9:48 of 1st period - Nic Dowd wins face-off versus John Tavares in BOISE CARIBOUS zone.
9:55 of 1st period - Shot by Nic Dowd.
9:55 of 1st period - Stopped by Jake Allen with a rebound.
11:10 of 1st period - Icing by Rasmus Dahlin.
11:11 of 1st period - Nic Dowd wins face-off versus Tyler Gaudet in BOISE CARIBOUS zone.
11:17 of 1st period - Icing by Marco Scandella.
11:18 of 1st period - Tim Stutzle wins face-off versus Nick Suzuki in BOISE CARIBOUS zone.
11:25 of 1st period - Shot by Tim Stutzle.
11:25 of 1st period - Deflect By Tyler Gaudet.
11:25 of 1st period - Shot Misses the Net.
11:27 of 1st period - Shot by Matt Benning.
11:27 of 1st period - Shot Blocked by Ryan Lindgren.
12:00 of 1st period - Shot by Nick Suzuki.
12:00 of 1st period - Shot Misses the Net.
12:42 of 1st period - Jack Hughes is hit by Denis Gurianov and loses puck.
13:27 of 1st period - Shot by Brandon Sutter.
13:27 of 1st period - Shot Blocked by John Klingberg.
13:58 of 1st period - Shot by Frank Vatrano.
13:58 of 1st period - Shot Misses the Net.
14:11 of 1st period - Dmitry Kulikov is hit by Nic Dowd and loses puck.
14:49 of 1st period - Shot by Nick Suzuki.
14:49 of 1st period - Deflect By Jordan Kyrou.
14:49 of 1st period - Shot Misses the Net.
14:51 of 1st period - Shot by Nick Suzuki.
14:51 of 1st period - Shot Misses the Net.
14:53 of 1st period - Shot by Jordan Kyrou.
14:53 of 1st period - Shot Blocked by Jani Hakanpaa.
14:55 of 1st period - Shot by Nick Suzuki.
14:55 of 1st period - Shot Blocked by Dmitry Kulikov.
15:41 of 1st period - Shot by John Tavares.
15:41 of 1st period - Shot Blocked by Alex Killorn.
15:43 of 1st period - Shot by Marco Scandella.
15:43 of 1st period - Stopped by Cameron Talbot with a rebound.
15:45 of 1st period - Shot by Andre Burakovsky.
15:45 of 1st period - Shot Misses the Net.
15:47 of 1st period - Shot by Andre Burakovsky.
15:47 of 1st period - Shot Misses the Net.
15:49 of 1st period - Shot by Marco Scandella.
15:49 of 1st period - Shot Misses the Net.
15:51 of 1st period - Shot by Rasmus Dahlin.
15:51 of 1st period - Shot Misses the Net.
15:53 of 1st period - Shot by John Tavares.
15:53 of 1st period - Stopped by Cameron Talbot without a rebound.
15:54 of 1st period - Brandon Sutter wins face-off versus Jesperi Kotkaniemi in NORTH DAKOTA HAWKS zone.
16:19 of 1st period - Shot by Luke Kunin.
16:19 of 1st period - Shot Blocked by Jesperi Kotkaniemi.
16:21 of 1st period - Shot by Ryan Lindgren.
16:21 of 1st period - Shot Misses the Net.
16:23 of 1st period - Shot by Dougie Hamilton.
16:23 of 1st period - Stopped by Jake Allen with a rebound.
16:25 of 1st period - Shot by Luke Kunin.
16:25 of 1st period - Shot Misses the Net.
16:47 of 1st period - Shot by Nick Suzuki.
16:47 of 1st period - Shot Blocked by John Klingberg.
16:49 of 1st period - Shot by Jason Robertson.
16:49 of 1st period - Shot Misses the Net.
16:59 of 1st period - Shot by Jordan Kyrou.
16:59 of 1st period - Stopped by Jake Allen without a rebound.
17:00 of 1st period - Tyler Gaudet wins face-off versus Jack Hughes in BOISE CARIBOUS zone.
17:02 of 1st period - Icing by Rasmus Dahlin.
17:03 of 1st period - Tyler Gaudet wins face-off versus Jack Hughes in BOISE CARIBOUS zone.
17:03 of 1st period - Tyler Gaudet is hit by Colin Blackwell.
17:06 of 1st period - Ivan Barbashev is hit by Jack Hughes.
18:24 of 1st period - Shot by Nick Suzuki.
18:24 of 1st period - Shot Blocked by Rasmus Dahlin.
18:59 of 1st period - Erik Johnson is hit by Tyler Gaudet.
19:36 of 1st period - Quinton Hughes is hit by Tyler Gaudet and loses puck.
Goals for this period are 0 for BOISE CARIBOUS vs 0 for NORTH DAKOTA HAWKS.
Shots for this period are 5 for BOISE CARIBOUS vs 9 for NORTH DAKOTA HAWKS.

2nd period


0:01 of 2nd period - John Tavares wins face-off versus Jack Hughes in neutral zone.
0:26 of 2nd period - Shot by Alex Killorn.
0:26 of 2nd period - Shot Misses the Net.
0:43 of 2nd period - Shot by Jack Hughes.
0:43 of 2nd period - Stopped by Jake Allen without a rebound.
0:44 of 2nd period - Nick Suzuki wins face-off versus Jesperi Kotkaniemi in BOISE CARIBOUS zone.
1:03 of 2nd period - Shot by Jason Robertson.
1:03 of 2nd period - Stopped by Jake Allen with a rebound.
2:05 of 2nd period - Shot by Dillon Dube.
2:05 of 2nd period - Goal by Dillon Dube - BOISE CARIBOUS : 0 - NORTH DAKOTA HAWKS : 1.
2:06 of 2nd period - John Tavares wins face-off versus Jack Hughes in neutral zone.
2:19 of 2nd period - Shot by Andre Burakovsky.
2:19 of 2nd period - Shot Blocked by Ryan Lindgren.
2:21 of 2nd period - Shot by Andre Burakovsky.
2:21 of 2nd period - Deflect By John Tavares.
2:21 of 2nd period - Shot Blocked by Jack Hughes.
2:23 of 2nd period - Shot by John Tavares.
2:23 of 2nd period - Shot Blocked by Jack Hughes.
2:33 of 2nd period - Shot by John Tavares.
2:33 of 2nd period - Goal by John Tavares - BOISE CARIBOUS : 1 - NORTH DAKOTA HAWKS : 1.
2:34 of 2nd period - Vladislav Namestnikov wins face-off versus Nic Dowd in neutral zone.
2:53 of 2nd period - Nic Dowd is hit by Lawson Crouse and loses puck.
3:09 of 2nd period - Shot by Lawson Crouse.
3:09 of 2nd period - Shot Misses the Net.
3:11 of 2nd period - Shot by Vladislav Namestnikov.
3:11 of 2nd period - Deflect By Kaapo Kakko.
3:11 of 2nd period - Shot Hit the Post.
3:13 of 2nd period - Shot by Kaapo Kakko.
3:13 of 2nd period - Stopped by Cameron Talbot without a rebound.
3:14 of 2nd period - John Tavares wins face-off versus Jack Hughes in NORTH DAKOTA HAWKS zone.
3:28 of 2nd period - John Tavares is hit by Ryan Lindgren and loses puck.
3:48 of 2nd period - Jack Hughes is hit by Jani Hakanpaa and loses puck.
4:13 of 2nd period - Shot by Nick Suzuki.
4:13 of 2nd period - Stopped by Jake Allen without a rebound.
4:14 of 2nd period - Vladislav Namestnikov wins face-off versus Brandon Sutter in BOISE CARIBOUS zone.
5:17 of 2nd period - Icing by Erik Johnson.
5:18 of 2nd period - Jesperi Kotkaniemi wins face-off versus Nick Suzuki in NORTH DAKOTA HAWKS zone.
5:19 of 2nd period - Shot by Dominik Kubalik.
5:19 of 2nd period - Stopped by Cameron Talbot without a rebound.
5:20 of 2nd period - Jack Hughes wins face-off versus Jesperi Kotkaniemi in NORTH DAKOTA HAWKS zone.
5:56 of 2nd period - Shot by Alex Killorn.
5:56 of 2nd period - Stopped by Jake Allen without a rebound.
5:57 of 2nd period - Nick Suzuki wins face-off versus John Tavares in BOISE CARIBOUS zone.
6:06 of 2nd period - Shot by Nick Suzuki.
6:06 of 2nd period - Shot Misses the Net.
7:01 of 2nd period - Icing by Rasmus Andersson.
7:02 of 2nd period - Vladislav Namestnikov wins face-off versus Jack Hughes in BOISE CARIBOUS zone.
8:05 of 2nd period - Rasmus Andersson is hit by Luke Kunin.
9:03 of 2nd period - Shot by Dominik Kubalik.
9:03 of 2nd period - Shot Misses the Net.
9:21 of 2nd period - Shot by Jesperi Kotkaniemi.
9:21 of 2nd period - Shot Misses the Net.
9:27 of 2nd period - Shot by Dominik Kubalik.
9:27 of 2nd period - Stopped by Cameron Talbot without a rebound.
9:28 of 2nd period - John Tavares wins face-off versus Nick Suzuki in NORTH DAKOTA HAWKS zone.
9:31 of 2nd period - Shot by John Tavares.
9:31 of 2nd period - Shot Misses the Net.
10:12 of 2nd period - Shot by Andre Burakovsky.
10:12 of 2nd period - Stopped by Cameron Talbot with a rebound.
11:00 of 2nd period - Off-side.
11:01 of 2nd period - Jesperi Kotkaniemi wins face-off versus Brandon Sutter in neutral zone.
11:14 of 2nd period - Shot by Dillon Dube.
11:14 of 2nd period - Stopped by Jake Allen with a rebound.
11:26 of 2nd period - Shot by Luke Kunin.
11:26 of 2nd period - Shot Blocked by Rasmus Dahlin.
12:35 of 2nd period - Shot by Andre Burakovsky.
12:35 of 2nd period - Stopped by Cameron Talbot with a rebound.
13:34 of 2nd period - Shot by Jason Robertson.
13:34 of 2nd period - Shot Blocked by Dmitry Kulikov.
13:36 of 2nd period - Shot by Nick Suzuki.
13:36 of 2nd period - Stopped by Jake Allen without a rebound.
13:37 of 2nd period - Jesperi Kotkaniemi wins face-off versus Luke Kunin in BOISE CARIBOUS zone.
14:06 of 2nd period - Shot by Luke Kunin.
14:06 of 2nd period - Deflect By Dillon Dube.
14:06 of 2nd period - Stopped by Jake Allen without a rebound.
14:07 of 2nd period - Nic Dowd wins face-off versus John Tavares in BOISE CARIBOUS zone.
15:26 of 2nd period - Jesperi Kotkaniemi is hit by Nick Suzuki and loses puck.
15:47 of 2nd period - Shot by Jason Robertson.
15:47 of 2nd period - Shot Misses the Net.
16:17 of 2nd period - Shot by Lawson Crouse.
16:17 of 2nd period - Stopped by Cameron Talbot without a rebound.
16:18 of 2nd period - Vladislav Namestnikov wins face-off versus Jack Hughes in NORTH DAKOTA HAWKS zone.
17:53 of 2nd period - Off-side.
17:54 of 2nd period - Nick Suzuki wins face-off versus Jesperi Kotkaniemi in neutral zone.
18:33 of 2nd period - Shot by Nick Suzuki.
18:33 of 2nd period - Stopped by Jake Allen with a rebound.
18:35 of 2nd period - Shot by Jason Robertson.
18:35 of 2nd period - Stopped by Jake Allen without a rebound.
18:36 of 2nd period - Brandon Sutter wins face-off versus Vladislav Namestnikov in BOISE CARIBOUS zone.
19:18 of 2nd period - Icing by Marco Scandella.
19:19 of 2nd period - Jack Hughes wins face-off versus Vladislav Namestnikov in BOISE CARIBOUS zone.
19:29 of 2nd period - Shot by Colin Blackwell.
19:29 of 2nd period - Shot Misses the Net.
19:32 of 2nd period - Minor Penalty to Alex Killorn for Interference.
19:32 of 2nd period - Minor Penalty to Marco Scandella for High sticking.
19:33 of 2nd period - Nick Suzuki wins face-off versus John Tavares in BOISE CARIBOUS zone.
19:57 of 2nd period - Shot by Nick Suzuki.
19:57 of 2nd period - Stopped by Jake Allen without a rebound.
19:58 of 2nd period - John Tavares wins face-off versus Jack Hughes in BOISE CARIBOUS zone.
Goals for this period are 1 for BOISE CARIBOUS vs 1 for NORTH DAKOTA HAWKS.
Shots for this period are 7 for BOISE CARIBOUS vs 11 for NORTH DAKOTA HAWKS.

3rd period


0:01 of 3rd period - John Tavares wins face-off versus Jack Hughes in neutral zone.
0:04 of 3rd period - Dougie Hamilton is hit by Dominik Kubalik and loses puck.
0:09 of 3rd period - Shot by Dominik Kubalik.
0:09 of 3rd period - Stopped by Cameron Talbot without a rebound.
0:10 of 3rd period - John Tavares wins face-off versus Jack Hughes in NORTH DAKOTA HAWKS zone.
0:11 of 3rd period - Shot by Dominik Kubalik.
0:11 of 3rd period - Stopped by Cameron Talbot without a rebound.
0:12 of 3rd period - John Tavares wins face-off versus Jack Hughes in NORTH DAKOTA HAWKS zone.
0:58 of 3rd period - Shot by Jack Hughes.
0:58 of 3rd period - Stopped by Jake Allen without a rebound.
0:59 of 3rd period - Nick Suzuki wins face-off versus Jesperi Kotkaniemi in BOISE CARIBOUS zone.
1:02 of 3rd period - Shot by Nick Suzuki.
1:02 of 3rd period - Shot Misses the Net.
1:04 of 3rd period - Shot by Jason Robertson.
1:04 of 3rd period - Stopped by Jake Allen without a rebound.
1:05 of 3rd period - Jesperi Kotkaniemi wins face-off versus Jason Robertson in BOISE CARIBOUS zone.
1:20 of 3rd period - Shot by Andre Burakovsky.
1:20 of 3rd period - Stopped by Cameron Talbot without a rebound.
1:21 of 3rd period - John Tavares wins face-off versus Jack Hughes in NORTH DAKOTA HAWKS zone.
1:28 of 3rd period - Shot by Dominik Kubalik.
1:28 of 3rd period - Shot Misses the Net.
1:54 of 3rd period - Shot by Jason Robertson.
1:54 of 3rd period - Deflect By Nick Suzuki.
1:54 of 3rd period - Stopped by Jake Allen with a rebound.
1:56 of 3rd period - Shot by Jason Robertson.
1:56 of 3rd period - Goal by Jason Robertson - BOISE CARIBOUS : 1 - NORTH DAKOTA HAWKS : 2.
1:57 of 3rd period - John Tavares wins face-off versus Jack Hughes in neutral zone.
1:57 of 3rd period - John Tavares is hit by Jack Hughes.
2:11 of 3rd period - Shot by Jack Hughes.
2:11 of 3rd period - Stopped by Jake Allen without a rebound.
2:12 of 3rd period - Jesperi Kotkaniemi wins face-off versus Brandon Sutter in BOISE CARIBOUS zone.
2:28 of 3rd period - Denis Gurianov is hit by Ryan Lindgren and loses puck.
2:52 of 3rd period - Brandon Sutter is hit by Rasmus Dahlin and loses puck.
3:12 of 3rd period - Jason Robertson is hit by Rasmus Dahlin and loses puck.
3:18 of 3rd period - Nick Suzuki is hit by Rasmus Dahlin and loses puck.
4:28 of 3rd period - Minor Penalty to Rasmus Dahlin for Interference.
4:29 of 3rd period - Nick Suzuki wins face-off versus Ivan Barbashev in BOISE CARIBOUS zone.
4:32 of 3rd period - Shot by Jason Robertson.
4:32 of 3rd period - Shot Misses the Net.
5:04 of 3rd period - Shot by Ivan Barbashev.
5:04 of 3rd period - Deflect By Lawson Crouse.
5:04 of 3rd period - Stopped by Cameron Talbot with a rebound.
5:22 of 3rd period - Shot by Ivan Barbashev.
5:22 of 3rd period - Shot Misses the Net.
6:02 of 3rd period - Jani Hakanpaa is hit by Colin Blackwell and loses puck.
6:13 of 3rd period - Shot by Alex Killorn.
6:13 of 3rd period - Shot Misses the Net.
6:30 of 3rd period - Icing by John Klingberg.
6:31 of 3rd period - John Tavares wins face-off versus Nic Dowd in BOISE CARIBOUS zone.
7:36 of 3rd period - Shot by Rasmus Dahlin.
7:36 of 3rd period - Stopped by Cameron Talbot without a rebound.
7:37 of 3rd period - Tyler Gaudet wins face-off versus Jack Hughes in NORTH DAKOTA HAWKS zone.
8:35 of 3rd period - Icing by Vladislav Namestnikov.
8:36 of 3rd period - Nick Suzuki wins face-off versus Vladislav Namestnikov in BOISE CARIBOUS zone.
9:16 of 3rd period - Shot by Andre Burakovsky.
9:16 of 3rd period - Stopped by Cameron Talbot without a rebound.
9:17 of 3rd period - Brandon Sutter wins face-off versus Jesperi Kotkaniemi in NORTH DAKOTA HAWKS zone.
9:17 of 3rd period - Brandon Sutter is hit by Denis Gurianov.
10:38 of 3rd period - Shot by Frank Vatrano.
10:38 of 3rd period - Stopped by Jake Allen without a rebound.
10:39 of 3rd period - Nick Suzuki wins face-off versus Andre Burakovsky in BOISE CARIBOUS zone.
11:34 of 3rd period - Off-side.
11:35 of 3rd period - Jack Hughes wins face-off versus Vladislav Namestnikov in neutral zone.
11:52 of 3rd period - Shot by Vladislav Namestnikov.
11:52 of 3rd period - Shot Blocked by Connor Clifton.
12:41 of 3rd period - Shot by John Klingberg.
12:41 of 3rd period - Shot Blocked by Quinton Hughes.
12:43 of 3rd period - Shot by Matt Benning.
12:43 of 3rd period - Stopped by Cameron Talbot without a rebound.
12:44 of 3rd period - Nick Suzuki wins face-off versus Jesperi Kotkaniemi in NORTH DAKOTA HAWKS zone.
12:52 of 3rd period - Icing by Jason Robertson.
12:53 of 3rd period - John Tavares wins face-off versus Nick Suzuki in NORTH DAKOTA HAWKS zone.
14:34 of 3rd period - Marc Staal is hit by Jesperi Kotkaniemi and loses puck.
14:38 of 3rd period - Brandon Sutter is hit by Dominik Kubalik and loses puck.
14:42 of 3rd period - Marc Staal is hit by Jani Hakanpaa and loses puck.
15:07 of 3rd period - Alex Killorn is hit by Lawson Crouse and loses puck.
15:34 of 3rd period - Shot by Lawson Crouse.
15:34 of 3rd period - Shot Blocked by Erik Johnson.
17:37 of 3rd period - Shot by Kaapo Kakko.
17:37 of 3rd period - Shot Misses the Net.
18:35 of 3rd period - Shot by Luke Kunin.
18:35 of 3rd period - Deflect By Brandon Sutter.
18:35 of 3rd period - Shot Misses the Net.
19:01 of 3rd period - BOISE CARIBOUS, Jake Allen is pulled from the net.
19:19 of 3rd period - Shot by Alexander Volkov.
19:19 of 3rd period - Shot Misses the Net.
19:37 of 3rd period - Shot by John Tavares.
19:37 of 3rd period - Shot Misses the Net.
19:49 of 3rd period - Shot by Alex Killorn.
19:49 of 3rd period - Goal by Alex Killorn - BOISE CARIBOUS : 1 - NORTH DAKOTA HAWKS : 3.
19:49 of 3rd period - Jake Allen from BOISE CARIBOUS was sent back in the game.
19:50 of 3rd period - Nick Suzuki wins face-off versus Lawson Crouse in neutral zone.
19:50 of 3rd period - Nick Suzuki is hit by Lawson Crouse.
Goals for this period are 0 for BOISE CARIBOUS vs 2 for NORTH DAKOTA HAWKS.
Shots for this period are 7 for BOISE CARIBOUS vs 7 for NORTH DAKOTA HAWKS.


SEBASTIAN
AHO
MARK
SCHEIFELE
JAKE
OETTINGER

EAST COAST

HOCKEY LEAGUE

  • 17.QUE3CHI2
  • 18.CHA2LIM4
  • 19.TRV3LON2
  • 20.CHW1BAL2
  • 21.PITMAN
  • 22.ATLNHW
  • 23.WORPET
  • 24.RHI